Map: Lerilak Crest

Players

Cole

  • Race: Zerg Zerg
  • League: Platinum

Shadow - Winner!

  • Race: Zerg Zerg
  • League: Platinum

VOD

Have the link to the VOD?

Description

Time

  • Played on: Feb. 7, 2016, 5:01 p.m.
  • Length: 2:33
Show
View Real Time Build Order
Export as new Build Order

Cole Zerg 

Build Orders: Pool First 

Get SALT Encoding   

  12  0:00  Drone  
  13  0:12  Overlord  
  13  0:17  Drone  
  14  0:23  Drone, Extractor  
  15  0:31  Drone  
  15  0:33  Extractor  
  15  0:35  Drone  
  16  0:55  Spawning Pool  
  15  0:57  Drone  
  15  0:59  Overlord  
  16  1:11  Drone  
  17  1:30  Hatchery  
  16  1:44  Zergling x4  
  18  1:47  Zergling x2  
  19  2:02  Zergling x2  
  22  2:15  Zergling x2  
Show
View Real Time Build Order
Export as new Build Order

Shadow Zerg - Winner!

Build Orders: Pool First 

Get SALT Encoding   

  12  0:02  Drone  
  13  0:13  Drone  
  14  0:28  Spawning Pool  
  13  0:31  Extractor  
  12  0:38  Overlord  
  12  0:45  Drone  
  13  1:03  Drone  
  14  1:15  Zergling x6  
  14  1:16  Queen  
  19  1:27  Zergling x2  
  20  1:52  Hatchery  
  19  2:00  Drone x3  
Tags
 
Add a new tag
Caveats
  • Supply blocks, unpowered buildings, or Contaminate may cause inaccurate times.
  • Supply counts are checked every 10 seconds.